MLB
COLORADO ROCKIES @ WASHINGTON NATIONALS
08/27/2030
 
TOP OF THE 1ST
Colorado Rockies batting - Pitching for Washington Nationals : RHP Phil Romary
Pitching: RHP Phil Romary
Batting: LHB Ernie Trent 0-0: Called Strike
0-1: Ball
1-1: Swinging Strike
1-2: Foul Ball, location: 23FF
1-2: Foul Ball, location: 5FF
1-2: Strikes out swinging
Batting: RHB Steve Guiter 0-0: Ball
1-0: Ball
2-0: Ball
3-0: Foul Ball, location: 9LSF
3-1: Base on Balls
Batting: LHB Kyle Tucker 0-0: Called Strike
Steve Guiter is caught stealing 2nd base 2-6
0-1: Called Strike
0-2: Ball
1-2: Foul Ball, location: 3F
1-2: Ball
2-2: Ball
3-2: Ground out 4-3 (Groundball, 34, EV 89.4 MPH)
Top of the 1st over - 0 runs, 0 hits, 0 errors, 0 left on base; Colorado 0 - Washington 0
BOTTOM OF THE 1ST
Washington Nationals batting - Pitching for Colorado Rockies : RHP Justin Slaten
Pitching: RHP Justin Slaten
Batting: RHB Kevin Wengel 0-0: Ball
1-0: Fly out, F8 (Flyball, 8RD, EV 102.5 MPH)
Batting: SHB Chris Neimeyer 0-0: Ball
1-0: SINGLE (Groundball, 4S, EV 69.4 MPH) (infield hit)
Batting: LHB Tony Rivera 0-0: Called Strike
Chris Neimeyer is caught stealing 2nd base 2-6
0-1: Ball
1-1: Ball
2-1: Fly out, F8 (Line Drive, 8LD, EV 104.4 MPH)
Bottom of the 1st over - 0 runs, 1 hit, 0 errors, 0 left on base; Colorado 0 - Washington 0
TOP OF THE 2ND
Colorado Rockies batting - Pitching for Washington Nationals : RHP Phil Romary
Batting: RHB Josh Aldridge 0-0: Called Strike
0-1: Swinging Strike
0-2: Ball
1-2: Foul Ball, location: 23F
1-2: Foul Ball, location: 2F
1-2: Ball
2-2: Ball
3-2: Fly out, F8 (Flyball, 8RM, EV 96.3 MPH)
Batting: LHB Yeancarlos Martin 0-0: Foul Ball, location: 3F
0-1: Ball
1-1: Ball
2-1: Foul Ball, location: 2F
2-2: Ground out 4-3 (Groundball, 4, EV 72.5 MPH)
Batting: RHB Javy Navarro 0-0: Swinging Strike
0-1: Ball
1-1: Called Strike
1-2: Foul Ball, location: 25FF
1-2: DOUBLE (Line Drive, 7LS, EV 100.6 MPH)
Batting: RHB Ben Merritt 0-0: DOUBLE (Line Drive, 89XD, EV 106.9 MPH)
Javy Navarro scores
Batting: LHB Jeff Ibarra 0-0: Foul Ball, location: 3F
0-1: Ball
1-1: Foul Ball, location: 7LDF
1-2: Foul Ball, location: 2F
1-2: Ball
2-2: Ball
3-2: Foul Ball, location: 7LDF
3-2: Foul Ball, location: 5FF
3-2: Strikes out swinging
Top of the 2nd over - 1 run, 2 hits, 0 errors, 1 left on base; Colorado 1 - Washington 0
BOTTOM OF THE 2ND
Washington Nationals batting - Pitching for Colorado Rockies : RHP Justin Slaten
Batting: LHB Jon Stang 0-0: Ball
1-0: Swinging Strike
1-1: Foul Ball, location: 7LDF
1-2: Ball
2-2: Foul Ball, location: 9LSF
2-2: Ball
3-2: Foul Ball, location: 2F
3-2: SINGLE (Line Drive, 7S, EV 95.6 MPH)
Batting: RHB Jahmai Jones 0-0: Called Strike
0-1: Called Strike
0-2: Ball
1-2: Ball
2-2: Ball
3-2: Base on Balls
Jon Stang to second
Batting: RHB Armando Cruz 0-0: Ball
1-0: SINGLE (Line Drive, 9S, EV 92.5 MPH)
Jon Stang to third
Jahmai Jones to second
Batting: RHB Ali Sanchez 0-0: Ball
Wild Pitch!
Jon Stang scores
Jahmai Jones to third
Armando Cruz to second
1-0: Foul Ball, location: 2F
1-1: Ground out 1-3 (Groundball, 13S, EV 72.5 MPH)
Batting: RHB Alpha Pettaway 0-0: Ball
1-0: Called Strike
1-1: Called Strike
1-2: Ball
2-2: Ground out 5-3 (Groundball, 56, EV 85.0 MPH)
Jahmai Jones scores
Batting: RHB Josh Stone 0-0: Foul Ball, location: 25F
0-1: Foul Ball, location: 3SF
0-2: Ball
1-2: Ground out 5-3 (Groundball, 56, EV 91.9 MPH)
Bottom of the 2nd over - 2 runs, 2 hits, 0 errors, 1 left on base; Colorado 1 - Washington 2
TOP OF THE 3RD
Colorado Rockies batting - Pitching for Washington Nationals : RHP Phil Romary
Batting: SHB Bas Boudewijns 0-0: Ground out 4-3 (Groundball, 4, EV 89.4 MPH)
Batting: LHB Ernie Trent 0-0: Foul Ball, location: 7LSF
0-1: Foul Ball, location: 9LMF
0-2: Ball
1-2: DOUBLE (Line Drive, 9LM, EV 103.1 MPH)
Batting: RHB Steve Guiter 0-0: Called Strike
0-1: Ball
1-1: Foul Ball, location: 23F
1-2: TRIPLE (Flyball, 9LD, EV 106.9 MPH)
Ernie Trent scores
Batting: LHB Kyle Tucker 0-0: Ball
1-0: SINGLE (Flyball, 4D, EV 98.8 MPH)
Steve Guiter scores
Batting: RHB Josh Aldridge 0-0: Ball
1-0: Foul Ball, location: 2F
1-1: Fly out, F8 (Flyball, 8RXD, EV 105.0 MPH)
Runner from 1st tags up, SAFE at 2nd
Batting: LHB Yeancarlos Martin 0-0: Ball
1-0: Swinging Strike
1-1: Foul Ball, location: 7LMF
1-2: SINGLE (Groundball, 4, EV 85.0 MPH)
Kyle Tucker to third
Runner from 3rd tries for Home, SAFE, throw by CF to home
Yeancarlos Martin to second
Batting: RHB Javy Navarro 0-0: Hit by Pitch
Batting: RHB Ben Merritt 0-0: Foul Ball, location: 2F
0-1: Ball
1-1: Ground out 4-3 (Groundball, 4, EV 103.1 MPH)
Top of the 3rd over - 3 runs, 4 hits, 0 errors, 2 left on base; Colorado 4 - Washington 2
BOTTOM OF THE 3RD
Washington Nationals batting - Pitching for Colorado Rockies : RHP Justin Slaten
Batting: RHB Kevin Wengel 0-0: Ball
1-0: Ball
2-0: Called Strike
2-1: Foul Ball, location: 5FF
2-2: Strikes out swinging
Batting: SHB Chris Neimeyer 0-0: Called Strike
0-1: Ball
1-1: Ball
2-1: Ball
3-1: SINGLE (Line Drive, 7S, EV 91.3 MPH)
Batting: LHB Tony Rivera 0-0: Fly out, F6 (Flyball, 6MD, EV 84.4 MPH)
Batting: LHB Jon Stang 0-0: Ball
1-0: Ball
2-0: Ball
3-0: Called Strike
3-1: Ground out 4-3 (Groundball, 4, EV 92.5 MPH)
Bottom of the 3rd over - 0 runs, 1 hit, 0 errors, 1 left on base; Colorado 4 - Washington 2
TOP OF THE 4TH
Colorado Rockies batting - Pitching for Washington Nationals : RHP Phil Romary
Batting: LHB Jeff Ibarra 0-0: Fly out, F5 (Popup, 5SF, EV 75.6 MPH)
Batting: SHB Bas Boudewijns 0-0: Foul Ball, location: 2F
0-1: SINGLE (Line Drive, 6D, EV 106.3 MPH)
Batting: LHB Ernie Trent 0-0: Foul Ball, location: 2F
0-1: SINGLE (Groundball, 4MD, EV 96.3 MPH)
Bas Boudewijns to second
Runner from 2nd tries for 3rd, SAFE, throw by CF made to third
Batting: RHB Steve Guiter 0-0: Called Strike
0-1: Foul Ball, location: 2F
0-2: Ball
1-2: Ball
2-2: Ball
3-2: Fly out, F8 (Flyball, 8LM, EV 93.1 MPH)
Runner from 3rd tags up, SCORES, no throw by CF
Batting: LHB Kyle Tucker 0-0: Ball
1-0: Called Strike
1-1: Foul Ball, location: 3FF
1-2: Fielders Choice at 2nd, U6 (Groundball, 4M, EV 107.5 MPH)
Top of the 4th over - 1 run, 2 hits, 0 errors, 1 left on base; Colorado 5 - Washington 2
BOTTOM OF THE 4TH
Washington Nationals batting - Pitching for Colorado Rockies : RHP Justin Slaten
Batting: RHB Jahmai Jones 0-0: Ball
1-0: Foul Ball, location: 2F
1-1: Swinging Strike
1-2: Strikes out swinging
Batting: RHB Armando Cruz 0-0: Called Strike
0-1: Foul Ball, location: 2F
0-2: Foul Ball, location: 3DF
0-2: Strikes out swinging
Batting: RHB Ali Sanchez 0-0: Ball
1-0: Ball
2-0: Ball
3-0: Ground out 4-3 (Groundball, 4, EV 110.6 MPH)
Bottom of the 4th over - 0 runs, 0 hits, 0 errors, 0 left on base; Colorado 5 - Washington 2
TOP OF THE 5TH
Colorado Rockies batting - Pitching for Washington Nationals : RHP Phil Romary
Batting: RHB Josh Aldridge 0-0: Foul Ball, location: 9LSF
0-1: SINGLE (Line Drive, 5D, EV 99.4 MPH)
Pitching: LHP Willie Bobadilla
Batting: LHB Yeancarlos Martin 0-0: Fly out, F9 (Flyball, 9D, EV 110.0 MPH)
Batting: RHB Javy Navarro 0-0: Ball
1-0: Called Strike
1-1: Called Strike
1-2: Strikes out swinging
Batting: RHB Ben Merritt 0-0: Ball
1-0: Called Strike
1-1: Ground out 4-3 (Groundball, 4S, EV 93.8 MPH)
Top of the 5th over - 0 runs, 1 hit, 0 errors, 1 left on base; Colorado 5 - Washington 2
BOTTOM OF THE 5TH
Washington Nationals batting - Pitching for Colorado Rockies : RHP Justin Slaten
Batting: RHB Alpha Pettaway 0-0: Called Strike
0-1: Fly out, F7 (Flyball, 7D, EV 102.5 MPH)
Batting: RHB Josh Stone 0-0: Ball
1-0: SINGLE (Line Drive, 78M, EV 94.4 MPH)
Batting: RHB Kevin Wengel 0-0: SINGLE (Line Drive, 89S, EV 101.9 MPH)
Josh Stone to second
Batting: SHB Chris Neimeyer 0-0: DOUBLE (Line Drive, 89D, EV 96.9 MPH)
Josh Stone scores
Kevin Wengel to third
Runner from 3rd tries for Home, SAFE, throw by CF to trailing runner, OUT at third! 8-3-5
Batting: LHB Tony Rivera 0-0: Ball
1-0: Fly out, F7 (Flyball, 78XD, EV 101.3 MPH)
Bottom of the 5th over - 2 runs, 3 hits, 0 errors, 0 left on base; Colorado 5 - Washington 4
TOP OF THE 6TH
Colorado Rockies batting - Pitching for Washington Nationals : LHP Willie Bobadilla
Batting: LHB Jeff Ibarra 0-0: Ground out 5-3 (Groundball, 56D, EV 98.8 MPH)
Batting: SHB Bas Boudewijns 0-0: Called Strike
0-1: SINGLE (Line Drive, 5D, EV 98.1 MPH)
Batting: LHB Ernie Trent 0-0: Ball
1-0: Called Strike
1-1: Called Strike
1-2: Strikes out swinging
Bas Boudewijns steals 2nd, throwing error, E2
Bas Boudewijns to third
Batting: RHB Steve Guiter 0-0: Ball
1-0: Ball
2-0: Called Strike
2-1: Swinging Strike
2-2: Foul Ball, location: 25FF
2-2: Ball
3-2: Foul Ball, location: 2RF
3-2: Base on Balls
Batting: LHB Kyle Tucker 0-0: Foul Ball, location: 23F
0-1: Ball
1-1: Foul Ball, location: 2F
1-2: Foul Ball, location: 2F
1-2: Foul Ball, location: 2F
1-2: Ball
2-2: Foul Ball, location: 7LSF
2-2: Ball
3-2: SINGLE (Line Drive, 34D, EV 103.8 MPH)
Bas Boudewijns scores
Steve Guiter to second
Steve Guiter to third
Batting: RHB Josh Aldridge 0-0: Ball
1-0: Called Strike
1-1: Foul Ball, location: 25F
1-2: Fly out, F7 (Flyball, 7D, EV 95.6 MPH)
Top of the 6th over - 1 run, 2 hits, 1 error, 2 left on base; Colorado 6 - Washington 4
BOTTOM OF THE 6TH
Washington Nationals batting - Pitching for Colorado Rockies : RHP Justin Slaten
Batting: LHB Jon Stang 0-0: Called Strike
0-1: Ball
1-1: Called Strike
1-2: Ball
2-2: Ground out 6-3 (Groundball, 4MD, EV 94.4 MPH)
Batting: RHB Jahmai Jones 0-0: Ball
1-0: Fly out, F2 (Popup, 25F, EV 86.9 MPH)
Batting: RHB Armando Cruz 0-0: Ball
1-0: Ball
2-0: Fly out, F8 (Line Drive, 8RM, EV 109.4 MPH)
Bottom of the 6th over - 0 runs, 0 hits, 0 errors, 0 left on base; Colorado 6 - Washington 4
TOP OF THE 7TH
Colorado Rockies batting - Pitching for Washington Nationals : LHP Willie Bobadilla
Pitching: RHP Bill Flores
Batting: LHB Yeancarlos Martin 0-0: Ball
1-0: Ball
2-0: Called Strike
2-1: Foul Ball, location: 2F
2-2: Ground out 5-3 (Groundball, 6, EV 91.9 MPH)
Batting: RHB Javy Navarro 0-0: Swinging Strike
0-1: Ball
1-1: Ball
2-1: Called Strike
2-2: Foul Ball, location: 23F
2-2: Strikes out swinging
Batting: RHB Ben Merritt 0-0: Foul Ball, location: 2F
0-1: Reached on error, E3 (Groundball, 13, EV 88.8 MPH)
Batting: LHB Jeff Ibarra 0-0: Ball
1-0: Called Strike
1-1: Called Strike
1-2: Ball
2-2: Ball
3-2: Strikes out swinging, 2-3 out at first.
Top of the 7th over - 0 runs, 0 hits, 1 error, 1 left on base; Colorado 6 - Washington 4
BOTTOM OF THE 7TH
Washington Nationals batting - Pitching for Colorado Rockies : RHP Justin Slaten
Pitching: RHP Jordan Araujo
Batting: RHB Ali Sanchez 0-0: Ground out 6-3 (Groundball, 6, EV 84.4 MPH)
Batting: RHB Alpha Pettaway 0-0: Ball
1-0: DOUBLE (Line Drive, 8LXD, EV 103.1 MPH)
Pinch Hitting: LHB Jesus Sanchez 0-0: Ball
1-0: Ball
2-0: Called Strike
2-1: Fly out, F7 (Flyball, 78S, EV 98.8 MPH)
Batting: RHB Kevin Wengel 0-0: Ball
1-0: Ball
2-0: Ground out 4-3 (Groundball, 4, EV 85.6 MPH)
Bottom of the 7th over - 0 runs, 1 hit, 0 errors, 1 left on base; Colorado 6 - Washington 4
TOP OF THE 8TH
Colorado Rockies batting - Pitching for Washington Nationals : RHP Bill Flores
Now at 3B: Tommy Edman
Batting: SHB Bas Boudewijns 0-0: Fly out, F6 (Flyball, 6D, EV 91.9 MPH)
Batting: LHB Ernie Trent 0-0: Ball
1-0: Swinging Strike
1-1: Called Strike
1-2: Strikes out swinging
Batting: RHB Steve Guiter 0-0: Ball
1-0: Ball
2-0: Ground out 1-3 (Groundball, 15, EV 70.6 MPH)
Top of the 8th over - 0 runs, 0 hits, 0 errors, 0 left on base; Colorado 6 - Washington 4
BOTTOM OF THE 8TH
Washington Nationals batting - Pitching for Colorado Rockies : RHP Jordan Araujo
Batting: SHB Chris Neimeyer 0-0: Ball
1-0: SINGLE (Groundball, 4S, EV 65.6 MPH) (infield hit)
Batting: LHB Tony Rivera 0-0: Ball
1-0: Fly out, F8 (Line Drive, 78M, EV 105.6 MPH)
Pitching: RHP Mike Smeaton
Batting: LHB Jon Stang 0-0: Swinging Strike
0-1: Ball
1-1: Foul Ball, location: 7LMF
1-2: Strikes out looking
Batting: RHB Jahmai Jones 0-0: Ball
1-0: Ball
2-0: Ball
3-0: Called Strike
3-1: Swinging Strike
3-2: Ground out 5-3 (Groundball, 56, EV 78.1 MPH)
Bottom of the 8th over - 0 runs, 1 hit, 0 errors, 1 left on base; Colorado 6 - Washington 4
TOP OF THE 9TH
Colorado Rockies batting - Pitching for Washington Nationals : RHP Bill Flores
Pitching: RHP Josh Bonk
Batting: LHB Kyle Tucker 0-0: Fly out, F9 (Flyball, 9S, EV 85.6 MPH)
Batting: RHB Josh Aldridge 0-0: Ball
1-0: Foul Ball, location: 3FF
1-1: Foul Ball, location: 3F
1-2: Ball
2-2: Strikes out looking
Batting: LHB Yeancarlos Martin 0-0: Called Strike
0-1: Ball
1-1: Foul Ball, location: 2F
1-2: Ball
2-2: Ball
3-2: Strikes out looking
Top of the 9th over - 0 runs, 0 hits, 0 errors, 0 left on base; Colorado 6 - Washington 4
BOTTOM OF THE 9TH
Washington Nationals batting - Pitching for Colorado Rockies : RHP Mike Smeaton
Batting: RHB Armando Cruz 0-0: Ball
1-0: Swinging Strike
1-1: Ball
2-1: Ball
3-1: Base on Balls
Batting: RHB Ali Sanchez 0-0: Swinging Strike
0-1: Ball
1-1: SINGLE (Groundball, P, EV 83.8 MPH) (infield hit)
Armando Cruz to second
Batting: RHB Alpha Pettaway 0-0: Ball
1-0: Foul Ball, location: 2F
1-1: Ball
2-1: Ball
3-1: SINGLE (Line Drive, 8LS, EV 106.3 MPH)
Armando Cruz to third
Ali Sanchez to second
Batting: SHB Tommy Edman 0-0: Foul Ball, location: 7LMF
0-1: Ball
1-1: Ball
2-1: Swinging Strike
2-2: Foul Ball, location: 2F
2-2: Ball
3-2: Base on Balls
Armando Cruz scores
Ali Sanchez to third
Alpha Pettaway to second
Pitching: RHP Josh Strout
Batting: RHB Kevin Wengel 0-0: Called Strike
0-1: Foul Ball, location: 2F
0-2: Ball
1-2: Ball
2-2: Ball
3-2: Foul Ball, location: 5F
3-2: Base on Balls
Ali Sanchez scores
Alpha Pettaway to third
Tommy Edman to second
Batting: SHB Chris Neimeyer 0-0: Ball
1-0: Ball
2-0: Called Strike
2-1: Foul Ball, location: 5SF
2-2: Ball
3-2: Foul Ball, location: 2F
3-2: Grounds into fielders choice 4-2 (Groundball, 4, EV 82.5 MPH)
Tommy Edman to third
Kevin Wengel to second
Batting: LHB Tony Rivera 0-0: Ball
1-0: Foul Ball, location: 7LSF
1-1: Fly out, F8 (Flyball, 8LM, EV 88.1 MPH)
Runner from 3rd tags up, OUT at HOME! 8-2
Bottom of the 9th over - 2 runs, 2 hits, 0 errors, 2 left on base; Colorado 6 - Washington 6
TOP OF THE 10TH
Colorado Rockies batting - Pitching for Washington Nationals : RHP Josh Bonk
Batting: RHB Javy Navarro 0-0: Ball
1-0: Called Strike
1-1: Called Strike
1-2: Strikes out swinging
Batting: RHB Ben Merritt 0-0: Swinging Strike
0-1: Ball
1-1: Ground out 1-3 (Groundball, 34S, EV 63.8 MPH)
Batting: LHB Jeff Ibarra 0-0: SINGLE (Groundball, 56, EV 96.9 MPH)
Batting: SHB Bas Boudewijns 0-0: TRIPLE (Flyball, 89XD, EV 93.1 MPH)
Jeff Ibarra scores
Batting: LHB Ernie Trent 0-0: SINGLE (Line Drive, 7LS, EV 91.3 MPH)
Bas Boudewijns scores
Batting: RHB Steve Guiter 0-0: Foul Ball, location: 3F
0-1: Ball
1-1: Foul Ball, location: 2F
1-2: Ball
2-2: Ground out 5-3 (Groundball, 5S, EV 82.5 MPH)
Top of the 10th over - 2 runs, 3 hits, 0 errors, 1 left on base; Colorado 8 - Washington 6
BOTTOM OF THE 10TH
Washington Nationals batting - Pitching for Colorado Rockies : RHP Josh Strout
Batting: LHB Jon Stang 0-0: Ball
1-0: Called Strike
1-1: Swinging Strike
1-2: Foul Ball, location: 2F
1-2: Foul Ball, location: 5FF
1-2: Ball
2-2: Ball
3-2: Foul Ball, location: 2F
3-2: Foul Ball, location: 2F
3-2: Base on Balls
Batting: RHB Jahmai Jones 0-0: Called Strike
0-1: Called Strike
0-2: Ball
1-2: SINGLE (Line Drive, 4D, EV 100.0 MPH)
Jon Stang to second
Pitching: RHP Amai Schwartz
Batting: RHB Armando Cruz 0-0: Called Strike
0-1: Called Strike
0-2: Fly out, F9 (Flyball, 9, EV 90.0 MPH)
Batting: RHB Ali Sanchez 0-0: Foul Ball, location: 2F
0-1: Foul Ball, location: 2F
0-2: Strikes out looking
Batting: RHB Alpha Pettaway 0-0: Ground out 6-3 (Groundball, 6M, EV 100.0 MPH)
Bottom of the 10th over - 0 runs, 1 hit, 0 errors, 2 left on base; Colorado 8 - Washington 6
Monday, April 15th , 2024 - OOTP Baseball 24.7 Build 72